[Event "Turkish Super League 2019"]
[Site "Konya"]
[Date "2019.07.20"]
[Round "4"]
[White "Ozer, Omer Faruk"]
[Black "Lobanov, Sergei"]
[Result "0-1"]
[ECO "B12"]
[WhiteElo "2369"]
[BlackElo "2505"]
[Annotator "ChessBase"]
[PlyCount "191"]
[EventDate "2019.07.17"]
[EventType "team-tourn"]
[EventCountry "TUR"]
[SourceTitle "playchess.com"]
[Source "ChessBase"]
[SourceQuality "1"]
[TimeControl "40/5400+30:1800+30"]

1. e4 c6 2. d4 d5 3. e5 Bf5 4. Nf3 e6 5. Be2 Nd7 6. O-O h6 7. Nbd2 Ne7 8. Nb3 Bh7 9. a4 Nc8 10. a5 a6 11. Ne1 Be7 12. Be3 O-O 13. Bd3 c5 14. Bxh7+ Kxh7 15. c3 c4 16. Nd2 Na7 17. f4 g6 18. Kh1 Nc6 19. b4 cxb3 20. Nxb3 Rc8 21. Rf3 Na7 22. Bd2 f5 23. Rh3 Nb5 24. Nc2 Qe8 25. Qf3 Qf7 26. Nc1 Kg7 27. Ne2 h5 28. Be1 Rc6 29. Ne3 Rfc8 30. Rb1 Bd8 31. Ra1 Nf8 32. Rd1 Qe8 33. Ra1 Qd7 34. Qg3 Kf7 35. Qf3 Be7 36. Nc2 R6c7 37. Qd3 Qc6 38. Qd1 Ke8 39. Rd3 Rd8 40. Kg1 Kd7 41. h4 Kc8 42. g3 Kb8 43. Kh2 Rdc8 44. Kg1 Ka8 45. Qb1 Nd7 46. Qd1 Nb8 47. Kh2 Qe8 48. Ra2 Nc6 49. Qa1 Bf8 50. Ne3 Ne7 51. Kg1 Ng8 52. Nd1 Rc6 53. Nb2 R8c7 54. Na4 Ne7 55. Kh2 Nc8 56. Kg1 Be7 57. Nb2 Qf8 58. Rf3 Na3 59. Qd1 Na7 60. Kh2 N7b5 61. Nd3 Rc8 62. Bd2 Qd8 63. Nb2 Qf8 64. Be1 Bd8 65. Qa4 Kb8 66. Nd3 Be7 67. Qb3 Nc4 68. Bf2 Bd8 69. Nc5 Qf7 70. Qb4 Qc7 71. Bg1 Nxa5 72. Rf1 Nc4 73. Rfa1 Qe7 74. Qb3 Rb6 75. Qc2 Na7 76. Nc1 a5 77. N1b3 Rb5 78. Nd2 Nxd2 79. Qxd2 b6 80. Na4 Qd7 81. Nb2 Rb3 82. Nd1 Qb5 83. Rc2 Be7 84. Ne3 a4 85. c4 dxc4 86. d5 Rd3 87. Qg2 exd5 88. Rb2 Rb3 89. Rd2 c3 90. Rxd5 Qc6 91. Kh3 Rb2 92. Qf1 Bc5 93. Qa6 Bxe3 94. Rxa4 Qxa4 95. Qxa4 Bxg1 96. e6 0-1

[Event "Turkish Super League 2019"]
[Site "Konya"]
[Date "2019.07.20"]
[Round "4"]
[White "Tarlabasi, Emirhan"]
[Black "Tanriverdi, Enes"]
[Result "1/2-1/2"]
[ECO "A32"]
[WhiteElo "2352"]
[BlackElo "2374"]
[Annotator "NA"]
[PlyCount "75"]
[EventDate "2019.07.17"]
[EventType "team-tourn"]
[EventCountry "TUR"]
[SourceTitle "playchess.com"]
[Source "ChessBase"]
[SourceQuality "1"]
[TimeControl "40/5400+30:1800+30"]

1. d4 Nf6 2. c4 e6 3. Nc3 Bb4 4. Nf3 c5 5. Bd2 O-O 6. e3 cxd4 7. Nxd4 Nc6 8. a3 Bxc3 9. Bxc3 Ne4 10. Qc2 Nxc3 11. Qxc3 b6 12. Nxc6 dxc6 13. Be2 Ba6 14. O-O c5 15. Bf3 Rb8 16. Rfd1 Qc7 17. Rd3 Rfd8 18. Rad1 Kf8 19. b3 f6 20. Qc2 g6 21. h4 Rxd3 22. Qxd3 Ke7 23. Bg4 Bb7 24. h5 Rg8 25. h6 Bc6 26. a4 a5 27. Rd2 f5 28. Bf3 Bxf3 29. gxf3 Rd8 30. Qc3 Rxd2 31. Qxd2 Qe5 32. f4 Qf6 33. Qe2 Qf8 34. Qf3 Qc8 35. Qd1 Qh8 36. Qf3 Qc8 37. Qd1 Qf8 38. Qf3 1/2-1/2

[Event "Turkish Super League 2019"]
[Site "Konya"]
[Date "2019.07.20"]
[Round "4"]
[White "Savina, Anastasia"]
[Black "Ozturk, Kubra"]
[Result "1-0"]
[ECO "D31"]
[WhiteElo "2344"]
[BlackElo "2317"]
[Annotator "NA"]
[PlyCount "49"]
[EventDate "2019.07.17"]
[EventType "team-tourn"]
[EventCountry "TUR"]
[SourceTitle "playchess.com"]
[Source "ChessBase"]
[SourceQuality "1"]
[TimeControl "40/5400+30:1800+30"]

1. d4 d5 2. c4 e6 3. Nc3 Be7 4. cxd5 exd5 5. Bf4 c6 6. e3 Bf5 7. g4 Be6 8. h3 Nd7 9. Bd3 g5 10. Bg3 h5 11. gxh5 Ngf6 12. Be2 Qb6 13. a3 Ne4 14. Nxe4 dxe4 15. f3 Nf6 16. Be5 exf3 17. Bxf3 Qxb2 18. Ne2 O-O-O 19. O-O Rh6 20. Qa4 Rd5 21. Qxa7 Qb3 22. Rab1 Qxe3+ 23. Rf2 Rxe5 24. Qa8+ Kc7 25. Rxb7+ 1-0

[Event "Turkish Super League 2019"]
[Site "Konya"]
[Date "2019.07.20"]
[Round "4"]
[White "Kamer, Kayra"]
[Black "Unat, Can Haktan"]
[Result "1-0"]
[ECO "D76"]
[WhiteElo "2340"]
[BlackElo "2034"]
[Annotator "NA"]
[PlyCount "113"]
[EventDate "2019.07.17"]
[EventType "team-tourn"]
[EventCountry "TUR"]
[SourceTitle "playchess.com"]
[Source "ChessBase"]
[SourceQuality "1"]
[TimeControl "40/5400+30:1800+30"]

1. Nf3 Nf6 2. c4 g6 3. g3 Bg7 4. Bg2 O-O 5. O-O d5 6. cxd5 Nxd5 7. d4 Nb6 8. Nc3 Nc6 9. d5 Nb4 10. e4 c6 11. Qb3 Nd3 12. Be3 Nxb2 13. Qxb2 Na4 14. Nxa4 Bxb2 15. Nxb2 cxd5 16. Rfd1 Qa5 17. Rxd5 Qb4 18. Nd3 Qxe4 19. Nfe5 Qa4 20. Nc5 Qe8 21. Bh6 Be6 22. Rdd1 Qb5 23. Nxe6 fxe6 24. Bxf8 Rxf8 25. Nd3 b6 26. Nf4 Rf6 27. Rd2 g5 28. Rd8+ Kf7 29. Nd3 Qa5 30. Be4 e5 31. Bd5+ Kg7 32. Nxe5 e6 33. Rd7+ Kh8 34. Rc1 Rf8 35. Nf7+ Kg7 36. Nxg5+ Kh6 37. Nxe6 Rxf2 38. Kxf2 Qd2+ 39. Kf3 Qxc1 40. Be4 Qf1+ 41. Kg4 Qe2+ 42. Kf5 Qb5+ 43. Rd5 Qf1+ 44. Nf4 Kg7 45. Rd7+ Kf8 46. Rxh7 Qb5+ 47. Bd5 Qb1+ 48. Kf6 Qa1+ 49. Ke6 Qe1+ 50. Kd7 Qe8+ 51. Kc7 Qe5+ 52. Kb7 Qd6 53. Rf7+ Ke8 54. Rc7 Kf8 55. Bf7 Kg7 56. Bc4+ Kh8 57. Be6 1-0

[Event "Turkish Super League 2019"]
[Site "Konya"]
[Date "2019.07.20"]
[Round "4"]
[White "Maltsevskaya, Aleksandra"]
[Black "Osmak, Iulija"]
[Result "1/2-1/2"]
[ECO "E12"]
[WhiteElo "2294"]
[BlackElo "2395"]
[Annotator "NA"]
[PlyCount "60"]
[EventDate "2019.07.17"]
[EventType "team-tourn"]
[EventCountry "TUR"]
[SourceTitle "playchess.com"]
[Source "ChessBase"]
[SourceQuality "1"]
[TimeControl "40/5400+30:1800+30"]

1. d4 Nf6 2. Nf3 e6 3. c4 b6 4. a3 Bb7 5. Nc3 Ne4 6. Nxe4 Bxe4 7. Nd2 Bg6 8. b3 c5 9. dxc5 Bxc5 10. Bb2 O-O 11. g3 Nc6 12. Bg2 d5 13. O-O Rc8 14. b4 Bd4 15. Bxd4 Nxd4 16. e3 Bc2 17. Qg4 Nc6 18. cxd5 Ne7 19. Nf3 Nxd5 20. Nd4 Nf6 21. Qe2 Be4 22. Rfd1 Bxg2 23. Kxg2 Qd5+ 24. Qf3 Qc4 25. Rdc1 Qd3 26. Rd1 Qc4 27. Rdc1 Qd3 28. Rd1 Qc4 29. Rdc1 Qd3 30. Rd1 Qc4 1/2-1/2

[Event "Turkish Super League 2019"]
[Site "Konya"]
[Date "2019.07.20"]
[Round "4"]
[White "Samani, Yamac"]
[Black "Yuksel, Atilla Koksal"]
[Result "1/2-1/2"]
[ECO "B22"]
[WhiteElo "2266"]
[BlackElo "2241"]
[Annotator "NA"]
[PlyCount "95"]
[EventDate "2019.07.17"]
[EventType "team-tourn"]
[EventCountry "TUR"]
[SourceTitle "playchess.com"]
[Source "ChessBase"]
[SourceQuality "1"]
[TimeControl "40/5400+30:1800+30"]

1. e4 c5 2. Nf3 Nc6 3. c3 d5 4. exd5 Qxd5 5. d4 Bg4 6. Be2 e6 7. h3 Bh5 8. c4 Qd7 9. g4 Bg6 10. d5 exd5 11. cxd5 Nb4 12. Ne5 Qxd5 13. O-O O-O-O 14. Qxd5 Rxd5 15. Nxg6 hxg6 16. Nc3 Rd7 17. Bb5 Rd8 18. Bf4 Rxh3 19. Rad1 Be7 20. Rxd8+ Bxd8 21. Rd1 Nc6 22. Kg2 Rh8 23. Bc4 g5 24. Bg3 Nh6 25. f3 Bc7 26. Rd5 Rd8 27. Bxc7 Kxc7 28. Rxg5 Rd2+ 29. Kg3 g6 30. Rxc5 Rxb2 31. Kf4 Kd6 32. Ne4+ Ke7 33. Bd5 Rb6 34. Kg5 Ng8 35. Bb3 Ra6 36. Kf4 Nf6 37. Ng5 Nd7 38. Rc1 Nd8 39. Re1+ Ne6+ 40. Nxe6 fxe6 41. Kg5 Nf8 42. f4 Kf7 43. Re5 Nh7+ 44. Kh6 Nf6 45. Kg5 Nh7+ 46. Kh6 Nf6 47. Kg5 Nh7+ 48. Kh6 1/2-1/2

[Event "Turkish Super League 2019"]
[Site "Konya"]
[Date "2019.07.20"]
[Round "4"]
[White "Uysal, Burak"]
[Black "Sevgi, Volkan"]
[Result "0-1"]
[ECO "B31"]
[WhiteElo "2228"]
[BlackElo "2302"]
[Annotator "NA"]
[PlyCount "62"]
[EventDate "2019.07.17"]
[EventType "team-tourn"]
[EventCountry "TUR"]
[SourceTitle "playchess.com"]
[Source "ChessBase"]
[SourceQuality "1"]
[TimeControl "40/5400+30:1800+30"]

1. e4 c5 2. Nf3 Nc6 3. Bb5 g6 4. Bxc6 bxc6 5. O-O Bg7 6. Re1 Nh6 7. c3 O-O 8. d4 cxd4 9. cxd4 d5 10. e5 f6 11. h3 Nf7 12. Nc3 Rb8 13. Qa4 fxe5 14. Qxa7 Rb7 15. Qc5 e4 16. Nh2 Qd6 17. Na4 Rb4 18. Qc2 Bxd4 19. Be3 Ne5 20. Rad1 Nd3 21. Re2 Bxe3 22. fxe3 Rc4 23. Nc3 Bxh3 24. Rxd3 exd3 25. Qxd3 Bf5 26. Qd1 Bg4 27. Nxg4 Rxg4 28. e4 Qc5+ 29. Kh2 d4 30. Na4 Qh5+ 31. Kg1 Rh4 0-1

[Event "Turkish Super League 2019"]
[Site "Konya"]
[Date "2019.07.20"]
[Round "4"]
[White "Yaran, Siar"]
[Black "Akdogan, Alperen"]
[Result "1/2-1/2"]
[ECO "A14"]
[WhiteElo "2197"]
[BlackElo "2193"]
[Annotator "NA"]
[PlyCount "100"]
[EventDate "2019.07.17"]
[EventType "team-tourn"]
[EventCountry "TUR"]
[SourceTitle "playchess.com"]
[Source "ChessBase"]
[SourceQuality "1"]
[TimeControl "40/5400+30:1800+30"]

1. g3 Nf6 2. Bg2 d5 3. Nf3 e6 4. O-O Be7 5. b3 O-O 6. Bb2 b6 7. c4 Bb7 8. e3 c5 9. Nc3 Nbd7 10. Qe2 Ne4 11. Rfd1 Bf6 12. cxd5 exd5 13. d4 Qe7 14. Rac1 Rfd8 15. dxc5 Ndxc5 16. Nd4 g6 17. Qe1 a6 18. Nde2 Ne6 19. Rc2 Bg7 20. Na4 Bxb2 21. Nxb2 Rac8 22. Rxc8 Rxc8 23. Rc1 Rd8 24. Na4 b5 25. Nac3 Qb4 26. Kf1 Rc8 27. Nxe4 Qxe1+ 28. Kxe1 Rxc1+ 29. Nxc1 dxe4 30. b4 Kf8 31. Kd2 Ke7 32. Kc3 Kd6 33. Nb3 f5 34. a3 Ke5 35. h4 Bd5 36. Nd2 h6 37. Bf1 g5 38. hxg5 hxg5 39. a4 Nc7 40. axb5 axb5 41. Nb1 Be6 42. Kb2 Nd5 43. Ka3 Bd7 44. Kb3 f4 45. Nc3 Nxc3 46. Kxc3 f3 47. Kb2 g4 48. Kc3 Kd5 49. Kb3 Kc6 50. Kc3 Kd5 1/2-1/2

[Event "Turkish Super League 2019"]
[Site "Konya"]
[Date "2019.07.20"]
[Round "4"]
[White "Aydin, Hakan Arda"]
[Black "Tasdogen, Dincer"]
[Result "0-1"]
[ECO "B06"]
[WhiteElo "1956"]
[BlackElo "2310"]
[Annotator "NA"]
[PlyCount "64"]
[EventDate "2019.07.17"]
[EventType "team-tourn"]
[EventCountry "TUR"]
[SourceTitle "playchess.com"]
[Source "ChessBase"]
[SourceQuality "1"]
[TimeControl "40/5400+30:1800+30"]

1. e4 g6 2. d4 Bg7 3. Nc3 d5 4. exd5 Nf6 5. Be3 Nbd7 6. g3 Nb6 7. Bg2 Nbxd5 8. Nxd5 Nxd5 9. Ne2 Nxe3 10. fxe3 c6 11. O-O h5 12. Qd3 h4 13. Qb3 Bf6 14. e4 Bxd4+ 15. Kh1 Be6 16. Qxb7 hxg3 17. Nxg3 Kf8 18. Rad1 Kg7 19. Ne2 Qd6 20. Nf4 Rxh2+ 21. Kxh2 Rh8+ 22. Kg3 g5 23. Rxd4 gxf4+ 24. Rxf4 Qxd4 25. Qxe7 Rh6 26. Qa3 Qg1 27. Qc3+ Kg8 28. Kf3 Rg6 29. Qd2 Bh3 30. Qd8+ Kg7 31. Bxh3 Rg3+ 32. Ke2 Re3+ 0-1

[Event "Turkish Super League 2019"]
[Site "Konya"]
[Date "2019.07.21"]
[Round "5"]
[White "Mamedov, Rauf"]
[Black "Abasov, Nijat"]
[Result "1/2-1/2"]
[ECO "B52"]
[WhiteElo "2650"]
[BlackElo "2641"]
[Annotator "ChessBase"]
[PlyCount "94"]
[EventDate "2019.07.17"]
[EventType "team-tourn"]
[EventCountry "TUR"]
[SourceTitle "playchess.com"]
[Source "ChessBase"]
[SourceQuality "1"]
[TimeControl "40/5400+30:1800+30"]

1. e4 c5 2. Nf3 d6 3. Bb5+ Bd7 4. Bxd7+ Nxd7 5. O-O Ngf6 6. Qe2 Rc8 7. b3 g6 8. Bb2 e5 9. Na3 Bg7 10. Nb5 Qb6 11. Qd3 Nxe4 12. Rae1 c4 13. bxc4 Ndc5 14. Qa3 a6 15. Nc3 Nxc3 16. Bxc3 O-O 17. d3 Qc6 18. Nd2 Rfe8 19. Nb3 Ne6 20. Bd2 d5 21. Be3 Bf8 22. cxd5 Qxd5 23. Qb2 Bb4 24. Rd1 Bc3 25. Qc1 Nd4 26. Kh1 b5 27. Bh6 a5 28. Qb1 Rc6 29. Be3 f5 30. Bd2 b4 31. Rfe1 Rec8 32. Bxc3 Rxc3 33. Nxd4 Qxd4 34. Re2 Kg7 35. Rde1 R8c5 36. h3 h6 37. Qd1 Kf6 38. Qc1 g5 39. Qd1 Kg6 40. Kg1 h5 41. Rd2 a4 42. Re4 fxe4 43. dxe4 Rxc2 44. Rxd4 Rc1 45. Rd6+ Kf7 46. Rd7+ Ke6 47. Rd6+ Ke7 1/2-1/2

[Event "Turkish Super League 2019"]
[Site "Konya"]
[Date "2019.07.21"]
[Round "5"]
[White "Sarana, Alexey"]
[Black "Soysal, Serkan"]
[Result "1/2-1/2"]
[ECO "D17"]
[WhiteElo "2640"]
[BlackElo "2431"]
[Annotator "ChessBase"]
[PlyCount "81"]
[EventDate "2019.07.17"]
[EventType "team-tourn"]
[EventCountry "TUR"]
[SourceTitle "playchess.com"]
[Source "ChessBase"]
[SourceQuality "1"]
[TimeControl "40/5400+30:1800+30"]

1. d4 d5 2. c4 c6 3. Nf3 Nf6 4. Nc3 dxc4 5. a4 Bf5 6. Ne5 Nbd7 7. Nxc4 Nb6 8. e3 Nxc4 9. Bxc4 e6 10. f3 Bg6 11. e4 Bb4 12. O-O O-O 13. Be3 a5 14. Ne2 Nd7 15. Nf4 e5 16. dxe5 Nxe5 17. Be2 Qe7 18. Qc2 f5 19. Rad1 Bf7 20. Nd3 fxe4 21. Nxb4 Qxb4 22. Rd4 Qe7 23. fxe4 Be6 24. Rdd1 Rxf1+ 25. Rxf1 Qb4 26. Bc5 Bb3 27. Bxb4 Bxc2 28. Bd6 Bd3 29. Bxd3 Nxd3 30. b3 Re8 31. Rf3 Ne5 32. Rf5 Nf7 33. Bg3 Rxe4 34. Rxa5 g5 35. Ra8+ Kg7 36. Rb8 Re7 37. a5 Kf6 38. h4 h6 39. b4 Kf5 40. Bf2 Ne5 41. hxg5 1/2-1/2

[Event "Turkish Super League 2019"]
[Site "Konya"]
[Date "2019.07.21"]
[Round "5"]
[White "Kravtsiv, Martyn"]
[Black "Rakhmanov, Aleksandr"]
[Result "1-0"]
[ECO "B29"]
[WhiteElo "2628"]
[BlackElo "2615"]
[Annotator "ChessBase"]
[PlyCount "101"]
[EventDate "2019.07.17"]
[EventType "team-tourn"]
[EventCountry "TUR"]
[SourceTitle "playchess.com"]
[Source "ChessBase"]
[SourceQuality "1"]
[TimeControl "40/5400+30:1800+30"]

1. e4 c5 2. Nf3 Nf6 3. Nc3 Nc6 4. d4 d5 5. exd5 Nxd5 6. Bb5 Bg4 7. h3 Bh5 8. dxc5 Nxc3 9. Qxd8+ Rxd8 10. bxc3 Bxf3 11. gxf3 e6 12. Be3 Be7 13. Ke2 Kd7 14. Rab1 Kc7 15. Rb3 Rd5 16. Rhb1 Rb8 17. Bf4+ e5 18. Be3 f5 19. f4 Bf6 20. fxe5 Bxe5 21. f4 Bf6 22. Kf3 Rd7 23. Ra3 Ra8 24. Rab3 Rb8 25. a4 Re7 26. Bxc6 Kxc6 27. a5 Rbe8 28. Bf2 Re2 29. Rxb7 Rxc2 30. Rxa7 Rxc3+ 31. Kg2 Rc2 32. Ra6+ Kd5 33. Rb4 Rd8 34. Rxf6 Rxf2+ 35. Kxf2 gxf6 36. Rb6 Kxc5 37. Rxf6 Kd4 38. Kg3 Rd5 39. a6 Ra5 40. Kh4 Ra3 41. Kg5 Rxh3 42. Kxf5 Rh5+ 43. Kg4 Rh1 44. a7 Ra1 45. Rf7 h6 46. Re7 Kd5 47. f5 Ra5 48. f6 Kd6 49. Kh4 h5 50. Rb7 Kc6 51. Rh7 1-0

[Event "Turkish Super League 2019"]
[Site "Konya"]
[Date "2019.07.21"]
[Round "5"]
[White "Safarli, Eltaj"]
[Black "Arat, Ufuk Sezen"]
[Result "0-1"]
[ECO "C43"]
[WhiteElo "2608"]
[BlackElo "2376"]
[Annotator "ChessBase"]
[PlyCount "90"]
[EventDate "2019.07.17"]
[EventType "team-tourn"]
[EventCountry "TUR"]
[SourceTitle "playchess.com"]
[Source "ChessBase"]
[SourceQuality "1"]
[TimeControl "40/5400+30:1800+30"]

1. e4 e5 2. Nf3 Nf6 3. d4 Nxe4 4. Bd3 d5 5. dxe5 Nc5 6. Be2 Be7 7. O-O O-O 8. Be3 c6 9. c4 dxc4 10. Qxd8 Rxd8 11. Bxc5 Bxc5 12. Bxc4 Be7 13. Nbd2 Bf5 14. Nb3 Nd7 15. Nfd4 Bg6 16. f4 Nb6 17. Be2 Be4 18. Bf3 Bxf3 19. Nxf3 Nc4 20. Rf2 a5 21. Rc2 b5 22. Nbd2 Nxd2 23. Nxd2 a4 24. Ne4 Rd4 25. Re1 c5 26. f5 c4 27. f6 Bf8 28. fxg7 Bxg7 29. Nf6+ Bxf6 30. exf6 Rd6 31. Re5 Rb8 32. Rf2 h6 33. g4 b4 34. Rc5 c3 35. Rc4 Rd1+ 36. Kg2 Rc1 37. b3 axb3 38. axb3 Rb1 39. Rf5 Rb2+ 40. Kg3 Rxb3 41. Rfc5 Ra3 42. Kh4 Raa8 43. Kh5 b3 44. Kxh6 b2 45. Rg5+ Kh8 0-1

[Event "Turkish Super League 2019"]
[Site "Konya"]
[Date "2019.07.21"]
[Round "5"]
[White "Rozum, Ivan"]
[Black "Ertan, Can"]
[Result "1-0"]
[ECO "D35"]
[WhiteElo "2583"]
[BlackElo "2396"]
[Annotator "ChessBase"]
[PlyCount "71"]
[EventDate "2019.07.17"]
[EventType "team-tourn"]
[EventCountry "TUR"]
[SourceTitle "playchess.com"]
[Source "ChessBase"]
[SourceQuality "1"]
[TimeControl "40/5400+30:1800+30"]

1. c4 Nf6 2. Nc3 e6 3. Nf3 d5 4. e3 b6 5. d4 Bd6 6. cxd5 exd5 7. g3 O-O 8. Bg2 Ba6 9. Ne5 c6 10. f4 Bb4 11. Qb3 c5 12. Bd2 Bxc3 13. Bxc3 Ne4 14. dxc5 Nxc3 15. Qxc3 Nd7 16. c6 Nxe5 17. fxe5 Rc8 18. Rd1 Qc7 19. Bxd5 Rfe8 20. e6 fxe6 21. Be4 Rf8 22. a4 b5 23. a5 b4 24. Qc5 Rcd8 25. Rd2 Qf7 26. Kd1 b3 27. Rxd8 Rxd8+ 28. Kc1 Be2 29. Qc3 e5 30. Kb1 Bc4 31. Rc1 Bd5 32. Bxd5 Qxd5 33. Qc4 Qxc4 34. Rxc4 Kf7 35. c7 Rc8 36. Kc1 1-0

[Event "Turkish Super League 2019"]
[Site "Konya"]
[Date "2019.07.21"]
[Round "5"]
[White "Romanov, Evgeny"]
[Black "Gadimbayli, Abdulla"]
[Result "0-1"]
[ECO "A29"]
[WhiteElo "2582"]
[BlackElo "2414"]
[Annotator "ChessBase"]
[PlyCount "78"]
[EventDate "2019.07.17"]
[EventType "team-tourn"]
[EventCountry "TUR"]
[SourceTitle "playchess.com"]
[Source "ChessBase"]
[SourceQuality "1"]
[TimeControl "40/5400+30:1800+30"]

1. c4 Nf6 2. Nc3 e5 3. Nf3 Nc6 4. g3 Nd4 5. Bg2 Nxf3+ 6. Bxf3 Bc5 7. e3 Bb4 8. Qb3 a5 9. d3 O-O 10. O-O Re8 11. Na4 e4 12. Bg2 d5 13. cxd5 b5 14. Nc3 exd3 15. Rd1 Rb8 16. a3 Bxc3 17. Qxc3 Bf5 18. Qd4 Rb6 19. Bd2 Rd6 20. Bc3 Bg6 21. b4 a4 22. Rac1 c6 23. Bb2 cxd5 24. Rc5 Qd7 25. f3 h6 26. g4 Rde6 27. Re1 Qe7 28. Bc1 Qd7 29. h3 Qd6 30. Kf2 Ne4+ 31. fxe4 Rf6+ 32. Kg1 Qg3 33. Rf1 Bxe4 34. Qb2 Ree6 35. Rf2 Bxg2 36. Rxg2 Qe1+ 37. Kh2 Rf1 38. Rd2 Rh1+ 39. Kg2 Qf1+ 0-1

[Event "Turkish Super League 2019"]
[Site "Konya"]
[Date "2019.07.21"]
[Round "5"]
[White "Dastan, Muhammed Batuhan"]
[Black "Durarbayli, Vasif"]
[Result "1/2-1/2"]
[ECO "C54"]
[WhiteElo "2565"]
[BlackElo "2637"]
[Annotator "ChessBase"]
[PlyCount "78"]
[EventDate "2019.07.17"]
[EventType "team-tourn"]
[EventCountry "TUR"]
[SourceTitle "playchess.com"]
[Source "ChessBase"]
[SourceQuality "1"]
[TimeControl "40/5400+30:1800+30"]

1. e4 e5 2. Nf3 Nc6 3. Bc4 Bc5 4. O-O Nf6 5. d3 O-O 6. h3 h6 7. Re1 d6 8. c3 a5 9. a4 Ba7 10. Nbd2 Be6 11. Bxe6 fxe6 12. Nf1 d5 13. Ng3 Qd6 14. Be3 Bxe3 15. Rxe3 d4 16. Re2 Nd7 17. Qb3 Kh7 18. Ne1 b6 19. Qc4 Ne7 20. Nf1 g5 21. Nh2 c5 22. Nef3 Ng6 23. g3 Rf7 24. Kg2 Raf8 25. Rf1 Kg7 26. Rfe1 Qe7 27. Qb3 Rf6 28. Qd1 Qf7 29. Rd2 Qe7 30. Ng1 R6f7 31. Rc2 Nf6 32. Rd2 Qb7 33. Qb3 Qc6 34. Qc4 Nh5 35. Ng4 Kh7 36. Nh2 Ng7 37. Ngf3 Qd6 38. Qb3 Qd8 39. Ng1 Qd6 1/2-1/2

[Event "Turkish Super League 2019"]
[Site "Konya"]
[Date "2019.07.21"]
[Round "5"]
[White "Rasulov, Vugar"]
[Black "Dimitrov, Radoslav"]
[Result "0-1"]
[ECO "A54"]
[WhiteElo "2534"]
[BlackElo "2530"]
[Annotator "ChessBase"]
[PlyCount "66"]
[EventDate "2019.07.17"]
[EventType "team-tourn"]
[EventCountry "TUR"]
[SourceTitle "playchess.com"]
[Source "ChessBase"]
[SourceQuality "1"]
[TimeControl "40/5400+30:1800+30"]

1. d4 Nf6 2. c4 d6 3. Nc3 e5 4. Nf3 e4 5. Ng1 h6 6. g3 c6 7. d5 c5 8. Bg2 Qe7 9. h3 Bf5 10. g4 Bh7 11. Qb3 g5 12. Qb5+ Nbd7 13. h4 O-O-O 14. hxg5 Nxg4 15. Bh3 h5 16. Bf4 Bg7 17. e3 Nde5 18. Bxe5 Bxe5 19. Nge2 Bf5 20. Qa5 Kb8 21. b4 Rc8 22. Rb1 Qxg5 23. bxc5 Rxc5 24. Qb4 Qe7 25. Nb5 Nxf2 26. Kd2 Bxh3 27. Rhg1 Rhc8 28. Qa3 a6 29. Nbd4 Bxd4 30. Nxd4 Ka7 31. Rb3 Rxc4 32. Rgb1 Rxd4+ 33. exd4 Qg5+ 0-1

[Event "Turkish Super League 2019"]
[Site "Konya"]
[Date "2019.07.21"]
[Round "5"]
[White "Gholami, Aryan"]
[Black "Ayan, Bengu Sena"]
[Result "1-0"]
[ECO "D00"]
[WhiteElo "2532"]
[BlackElo "1885"]
[Annotator "ChessBase"]
[PlyCount "65"]
[EventDate "2019.07.17"]
[EventType "team-tourn"]
[EventCountry "TUR"]
[SourceTitle "playchess.com"]
[Source "ChessBase"]
[SourceQuality "1"]
[TimeControl "40/5400+30:1800+30"]

1. d4 d5 2. Bf4 Nf6 3. e3 g6 4. c4 c6 5. Nc3 a6 6. a4 Bg7 7. Nf3 O-O 8. Qb3 Qa5 9. Qa3 dxc4 10. Bxc4 Nd5 11. Bxd5 cxd5 12. Qxe7 Nc6 13. Qh4 Re8 14. O-O Be6 15. Bd6 Qb6 16. Ba3 Rad8 17. Ng5 h6 18. Nxe6 Rxe6 19. Rac1 Ree8 20. Qg4 Qa5 21. Qd1 Qc7 22. b4 Bf8 23. Qb3 Qd6 24. Rb1 a5 25. Nb5 Qd7 26. bxa5 Nxa5 27. Qd3 Nc4 28. Bxf8 Kxf8 29. Nc3 Qc6 30. Rb5 b6 31. Rc1 Na3 32. Rb3 Nc4 33. Nxd5 1-0

[Event "Turkish Super League 2019"]
[Site "Konya"]
[Date "2019.07.21"]
[Round "5"]
[White "Ali Marandi, Cemil Can"]
[Black "Kamer, Kayra"]
[Result "1-0"]
[ECO "B90"]
[WhiteElo "2527"]
[BlackElo "2340"]
[Annotator "ChessBase"]
[PlyCount "93"]
[EventDate "2019.07.17"]
[EventType "team-tourn"]
[EventCountry "TUR"]
[SourceTitle "playchess.com"]
[Source "ChessBase"]
[SourceQuality "1"]
[TimeControl "40/5400+30:1800+30"]

1. e4 c5 2. Nf3 d6 3. d4 cxd4 4. Nxd4 Nf6 5. Nc3 a6 6. h4 Nc6 7. Be3 Ng4 8. Nxc6 bxc6 9. Bd2 e5 10. Bc4 Be7 11. Qe2 Rb8 12. Bb3 a5 13. O-O-O Qb6 14. f3 Ba6 15. Qe1 Nf6 16. Bg5 Qc7 17. g4 O-O 18. Qd2 Rb4 19. Bxf6 Rd4 20. Qf2 Bxf6 21. g5 Rxd1+ 22. Nxd1 Be7 23. Ne3 a4 24. Bxa4 Rb8 25. Bb3 d5 26. Nf5 Bf8 27. h5 Bc4 28. g6 fxg6 29. hxg6 hxg6 30. Bxc4 dxc4 31. Qe2 Rb4 32. c3 Ra4 33. Ne3 Qa7 34. a3 Be7 35. Nc2 Qd7 36. Qg2 Qe6 37. Rg1 Kf7 38. f4 exf4 39. Nd4 f3 40. Qxf3+ Qf6 41. Qg2 Bd6 42. Rf1 Bf4+ 43. Kb1 g5 44. e5 Qxe5 45. Qxc6 Ra7 46. Qxc4+ Kg6 47. Qd3+ 1-0

[Event "Turkish Super League 2019"]
[Site "Konya"]
[Date "2019.07.21"]
[Round "5"]
[White "Visakh N R"]
[Black "Annaberdiev, Meilis"]
[Result "1-0"]
[ECO "E06"]
[WhiteElo "2526"]
[BlackElo "2515"]
[Annotator "ChessBase"]
[PlyCount "139"]
[EventDate "2019.07.17"]
[EventType "team-tourn"]
[EventCountry "TUR"]
[SourceTitle "playchess.com"]
[Source "ChessBase"]
[SourceQuality "1"]
[TimeControl "40/5400+30:1800+30"]

1. d4 Nf6 2. c4 e6 3. Nf3 b6 4. g3 c6 5. Bg2 Be7 6. O-O O-O 7. Nc3 d5 8. Bf4 Bb7 9. Rc1 dxc4 10. Ne5 Nd5 11. Nxc4 Nxf4 12. gxf4 Nd7 13. Qd3 Qc7 14. f5 exf5 15. Qxf5 Rad8 16. Rfd1 Qb8 17. Qh3 c5 18. d5 Ba6 19. Ne4 Bxc4 20. Rxc4 Ne5 21. Rcc1 f5 22. d6 Rxd6 23. Nxd6 Bxd6 24. Qb3+ c4 25. Qb5 Bc5 26. h3 f4 27. b4 cxb3 28. Qxb3+ Kh8 29. Rd5 Qc7 30. Qc3 Re8 31. Kh1 Qe7 32. Rcd1 h6 33. Rf1 Qf6 34. a4 a5 35. Qc2 g5 36. Qe4 Kg7 37. Rd7+ Kf8 38. Ra7 g4 39. Ra8 f3 40. Rxe8+ Kxe8 41. hxg4 fxg2+ 42. Kxg2 Qc6 43. Qxc6+ Nxc6 44. Rh1 Bf8 45. Kf3 Ne5+ 46. Kf4 Nd7 47. Kf5 Nc5 48. Ra1 Kf7 49. Ra2 Bg7 50. f4 Nb7 51. Rd2 Nc5 52. e4 Bc3 53. Ra2 Ne6 54. e5 b5 55. axb5 Nd4+ 56. Ke4 Nxb5 57. Kd5 Bb4 58. Rh2 Bf8 59. Rb2 Nc7+ 60. Kc6 Ne6 61. f5 Nc5 62. Rb8 Nd3 63. e6+ Kg7 64. Rb7+ Kg8 65. e7 Bxe7 66. Rxe7 Nf2 67. Kd6 Nxg4 68. Ke6 Nf2 69. f6 Ne4 70. Re8+ 1-0

[Event "Turkish Super League 2019"]
[Site "Konya"]
[Date "2019.07.21"]
[Round "5"]
[White "Moiseenko, Vadim"]
[Black "Nihal Sarin"]
[Result "1/2-1/2"]
[ECO "A28"]
[WhiteElo "2523"]
[BlackElo "2610"]
[Annotator "ChessBase"]
[PlyCount "62"]
[EventDate "2019.07.17"]
[EventType "team-tourn"]
[EventCountry "TUR"]
[SourceTitle "playchess.com"]
[Source "ChessBase"]
[SourceQuality "1"]
[TimeControl "40/5400+30:1800+30"]

1. c4 Nf6 2. Nc3 e5 3. Nf3 Nc6 4. d4 exd4 5. Nxd4 Bb4 6. g3 Ne4 7. Qd3 Nxc3 8. bxc3 Bc5 9. Be3 Ne5 10. Qe4 d6 11. f4 f5 12. Nxf5 Bxf5 13. Qxf5 Bxe3 14. fxe5 Rf8 15. Qe4 Bf2+ 16. Kd1 dxe5+ 17. Kc2 Qd7 18. Qxe5+ Qe7 19. Qxe7+ Kxe7 20. Bg2 Rab8 21. Rad1 Bc5 22. Rd5 b6 23. Rg5 g6 24. Be4 Rbe8 25. h4 Kf6 26. Rg4 Re5 27. Bd3 Bd6 28. a4 Ra5 29. Kb3 Re5 30. Kc2 Ra5 31. Kb3 Re5 1/2-1/2